 Dungeon Crawl Stone Soup version 0.29.1-13-g9f3cf754e1 (webtiles) character file.

Game seed: 3166553784158718765

319 LabCoat the Trooper (level 6, -3/75 (79) HPs)
             Began as a Hill Orc Fighter on Feb 10, 2023.
             Slain by a wight
             ... wielding a +3 trident of freezing
              (4 damage)
             ... on level 3 of the Dungeon.
             The game lasted 00:07:35 (2320 turns).

LabCoat the Trooper (Hill Orc Fighter)              Turns: 2320, Time: 00:07:36

HP:   -3/75 (79)    AC: 23    Str: 21    XL:     6   Next: 46%
MP:   0/8           EV:  2    Int:  8    God:
Gold: 151           SH:  4    Dex: 10    Spells: 5/5 levels left

rFire   . . .      SeeInvis +   a - +0 war axe
rCold   . . .      Faith    .   c - +0 buckler
rNeg    . . .      Spirit   +   (body armour currently unavailable)
rPois   +          Reflect  .   (helmet currently unavailable)
rElec   .          Harm     .   (cloak currently unavailable)
rCorr   .          Rampage  .   (gloves currently unavailable)
Will    .....      NoTele   +   (boots currently unavailable)
Stlth   +.........              o - amulet of guardian spirit
HPRegen 0.22/turn               p - ring of see invisible
MPRegen 0.11/turn               (no ring)

@: tree-form, hasted, drained, very quick
A: stationary, stasis, torment immunity, boosted hp
a: no special abilities


You were on level 3 of the Dungeon.
You were a tree.
You visited 1 branch of the dungeon, and saw 3 of its levels.
You also visited: Sewer.

You collected 151 gold pieces.

Inventory:

Hand Weapons
 a - a +0 war axe (weapon)
 e - a +0 spear
Missiles
 q - 7 poisoned darts (quivered)
Armour
 b - a +0 scale mail (melded)
 c - a +0 buckler (worn)
 j - a +0 pair of gloves (melded)
 m - a +0 helmet (melded)
Jewellery
 o - an amulet of guardian spirit (around neck)
 p - a ring of see invisible (left branch)
Potions
 d - a potion of invisibility {unknown}
 g - 2 potions of lignification
 h - 2 potions of cancellation {unknown}
 i - 2 potions of magic
 k - 2 potions of mutation
 l - a potion of ambrosia {unknown}
 n - a potion of berserk rage {unknown}
 r - a potion of curing {unknown}


   Skills:
 * Level 4.7 Fighting
 * Level 4.6 Axes
 + Level 1.1 Throwing
 + Level 3.9 Armour
 + Level 1.3 Dodging
 + Level 3.9 Shields
 * Level 3.1 Invocations
 + Level 1.4 Evocations


You had 5 spell levels left.
You didn't know any spells.
Your spell library contained the following spells:

 Spells                   Type           Power      Damage    Failure   Level
 Ensorcelled Hibernation  Hex/Ice        0%         N/A       63%         2
 Spider Form              Tmut/Pois      0%         N/A       86%         3
 Anguish                  Hex/Necr       0%         N/A       99%         4
 Fireball                 Conj/Fire      0%         3d3       100%        5
 Starburst                Conj/Fire      0%         6d3       100%        6
 Ignition                 Fire           0%         3d3       100%        8
 Chain Lightning          Conj/Air       0%         N/A       100%        9
 Fire Storm               Conj/Fire      0%         5d1       100%        9
 Shatter                  Erth           0%         3d5*      100%        9


Dungeon Overview and Level Annotations

Branches:
Dungeon (3/15)              Sewer (visited)

Altars:

Shops:
D:1 [   D:3 =


Message History

The wight hits you from afar with a +3 trident of freezing.
* * * LOW HITPOINT WARNING * * *
The wight freezes you.
* * * LOW HITPOINT WARNING * * *
You hit the orc wizard.
The orc wizard is heavily wounded.
The orc wizard hits you but does no damage.
You block the wight's attack.
You slash the orc wizard!
The orc wizard is almost dead.
The orc wizard hits you but does no damage.
The wight hits you but does no damage.
You slash the orc wizard!
You kill the orc wizard!
The wight hits you but does no damage.
You hit the wight.
The wight is lightly damaged.
The wight hits you but does no damage. x2
The gnoll hits you from afar with a +0 spear.
* * * LOW HITPOINT WARNING * * *
You closely miss the wight.
The wight is lightly damaged.
The wight hits you from afar with a +3 trident of freezing.
You feel drained. The wight freezes you. The wight hits you with a +4 hand axe!
* * * LOW HITPOINT WARNING * * *
You feel drained.
* * * LOW HITPOINT WARNING * * *
The gnoll hits you from afar with a +0 spear.
* * * LOW HITPOINT WARNING * * *
You slash the wight!
The wight is severely damaged.
The wight hits you from afar with a +3 trident of freezing.
* * * LOW HITPOINT WARNING * * *
The wight freezes you.
* * * LOW HITPOINT WARNING * * *
The wight hits you but does no damage. You block the gnoll's attack.
You slash the wight!
You destroy the wight!
The wight hits you from afar with a +3 trident of freezing.
You die...

#.# #.#
... ...#
#.#.###.#
... ..#
..#.....#
.. ..# #
#######.#
....#.#
#.#
o#.#.#
#)#


ggz. #.# ##)# #.#######)♣# #..).....).# #########..# #..# #..# #..# #..# #..#
#..# You could see a wight, 2 gnolls and an orc.

Vanquished Creatures
  Pargi (Sewer)
  3 wights (D:3)
  An orc wizard (D:3)
  2 gnolls
  2 adders
  A worm (D:3)
  3 orcs (D:3)
  7 bats
  5 endoplasms
  5 giant cockroaches
  6 goblins
  4 hobgoblins
  3 jackals (D:1)
  9 kobolds
  A quokka (D:3)
  4 ball pythons
  5 frilled lizards
  2 rats (D:1)
64 creatures vanquished.

Notes
Turn   | Place    | Note
-------+----------+-------------------------------------------
     0 | D:1      | LabCoat the Hill Orc Fighter began the quest for the Orb.
     0 | D:1      | Reached XP level 1. HP: 19/19 MP: 1/1
    75 | D:1      | Reached skill level 1 in Invocations
    75 | D:1      | Reached XP level 2. HP: 5/27 MP: 2/2
   587 | D:1      | Reached XP level 3. HP: 28/33 MP: 3/3
   745 | D:1      | Found a faded altar of an unknown god.
   977 | D:1      | Found Ythet's Armour Shoppe.
  1709 | D:3      | Reached XP level 4. HP: 27/40 MP: 2/5
  1887 | D:3      | Found a glowing drain.
  1896 | Sewer    | Entered a sewer
  2006 | Sewer    | Noticed Pargi
  2012 | Sewer    | Killed Pargi
  2013 | Sewer    | Reached skill level 1 in Dodging
  2013 | Sewer    | Reached skill level 1 in Evocations
  2013 | Sewer    | Reached XP level 5. HP: 36/47 MP: 4/6
  2295 | D:3      | Found Muonk's Jewellery Shop.
  2308 | D:3      | Reached skill level 1 in Throwing
  2308 | D:3      | Reached XP level 6. HP: 44/53 MP: 5/8
  2319 | D:3      | HP: 2/75 [wight/+3 trident of freezing (3)]
  2320 | D:3      | Slain by a wight

Illustrated notes

Levels and vault maps discovered:
D:1:      dpeg_arrival_yet_another_circle, layout_rooms, serial_shops,
          nicolae_shop_behind_doors, chequers_ecumenical_altar_grove,
          corexii_corridor_pit, minmay_quantized
D:2:      layout_rooms, minmay_strange_pillars, kennysheep_boxes
D:3:      layout_basic, lemuel_crystal_altar, portal_sewer_entry_d,
          serial_shops, nicolae_shop_crystal, minmay_misc_feat_ornament,
          corexii_shack

Skill      XL: |  1  2  3  4  5  6 |
---------------+-------------------+-----
Invocations    | 1 2 3 |  3.1
Axes           | 3 4 |  4.6
Fighting       | 4 |  4.7
Dodging        | 1 |  1.3
Evocations     | 1 |  1.4
Throwing       | 1 |  1.1
Armour         | |  3.9
Shields        | |  3.9

Action                   |  1- 3 |  4- 6 || total
-------------------------+-------+-------++-------
Melee: War axe           |   111 |    62 ||   173
Throw: Dart              |     4 |     2 ||     6
  Use: Scroll            |     8 |       ||     8
       Potion            |       |     4 ||     4
Armor: Scale mail        |    51 |    23 ||    74
       Skin              |       |     8 ||     8
Dodge: Dodged            |    67 |    26 ||    93
Block: Buckler           |    25 |    11 ||    36
